2800 views
Uploaded 2020-02-01 13:14:39
Game version 1.32 / 1.32.1
5:39 long 4on4 ladder game on (8)BanewoodBog_LV
Saved by BEARAND
2800 views
Uploaded 2020-02-01 13:14:39
Game version 1.32 / 1.32.1
5:39 long 4on4 ladder game on (8)BanewoodBog_LV


/ 0.4k
35 buildings @ 5.7k
/ 2k

| Peasant | 7 | 525 | / | 0 |
| Mortar Team | 1 | 180 | / | 70 |
| Sorceress | 2 | 310 | / | 40 |
| total: | 10 | 1015g | / | 110w |
| Farm | 6 | 480 | / | 120 |
| Lumber Mill | 1 | 120 | / | 0 |
| Altar of Kings | 1 | 180 | / | 50 |
| Blacksmith | 1 | 140 | / | 60 |
| Workshop | 2 | 280 | / | 280 |
| Arcane Sanctum | 1 | 150 | / | 140 |
| Keep | 1 | 320 | / | 210 |
| total: | 12 | 1350g | / | 650w |
| 0:02 | Peasant |
| 0:02 | Peasant |
| 0:10 | Farm |
| 0:12 | Peasant |
| 0:21 | Lumber Mill |
| 0:30 | Peasant |
| 0:44 | Altar of Kings |
| 0:57 | Peasant |
| 1:16 | Peasant |
| 1:27 | Peasant |
| 1:50 | Keep |
| 2:17 | Farm |
| 2:44 | Summon Water Elemental |
| 2:58 | Farm |
| 3:02 | Blacksmith |
| 3:38 | Farm |
| 4:16 | Workshop |
| 4:18 | Workshop |
| 4:20 | Improved Lumber Harvesting |
| 4:24 | Arcane Sanctum |
| 4:34 | Farm |
| 5:16 | Farm |
| 5:19 | Blizzard |
| 5:31 | Mortar Team |
| 5:37 | Sorceress |
| 5:37 | Sorceress |
| Right click | 64 |
| Select | 63 |
| Build/train/purchase | 20 |
| Select group | 12 |
| Misc. action | 6 |
| Assign group | 4 |

| Wisp | 11 | 660 | / | 0 |
| Archer | 8 | 1040 | / | 80 |
| Huntress | 1 | 195 | / | 20 |
| total: | 20 | 1895g | / | 100w |
| Altar of Elders | 1 | 180 | / | 50 |
| Moon Well | 4 | 720 | / | 160 |
| Ancient of War | 1 | 150 | / | 60 |
| Hunter's Hall | 1 | 210 | / | 100 |
| total: | 7 | 1260g | / | 370w |
| 0:03 | Wisp |
| 0:03 | Wisp |
| 0:04 | Wisp |
| 0:09 | Altar of Elders |
| 0:15 | Moon Well |
| 0:34 | Wisp |
| 0:39 | Ancient of War |
| 1:34 | Wisp |
| 1:34 | Wisp |
| 1:35 | Wisp |
| 1:42 | Archer |
| 1:45 | Moon Well |
| 1:56 | Archer |
| 2:00 | Archer |
| 2:12 | Shadow Strike |
| 2:24 | Moon Well |
| 3:23 | Archer |
| 3:23 | Archer |
| 3:24 | Archer |
| 3:30 | Hunter's Hall |
| 3:38 | Moon Well |
| 3:54 | Archer |
| 4:27 | Fan of Knives |
| 5:31 | Wisp |
| 5:31 | Wisp |
| 5:32 | Wisp |
| 5:32 | Wisp |
| 5:35 | Strength of the Moon |
| 5:35 | Moon Armor |
| 5:36 | Huntress |
| 5:37 | Archer |
| Right click | 186 |
| Select | 71 |
| Build/train/purchase | 25 |
| Use ability | 9 |

| Wisp | 7 | 420 | / | 0 |
| Archer | 5 | 650 | / | 50 |
| Huntress | 2 | 390 | / | 40 |
| total: | 14 | 1460g | / | 90w |
| Altar of Elders | 1 | 180 | / | 50 |
| Moon Well | 5 | 900 | / | 200 |
| Ancient of War | 1 | 150 | / | 60 |
| Hunter's Hall | 1 | 210 | / | 100 |
| Tree of Ages | 1 | 320 | / | 180 |
| total: | 8 | 1440g | / | 410w |
| 0:11 | Wisp |
| 0:11 | Wisp |
| 0:13 | Wisp |
| 0:14 | Wisp |
| 0:32 | Altar of Elders |
| 0:40 | Moon Well |
| 1:44 | Moon Well |
| 1:57 | Wisp |
| 2:36 | Wisp |
| 2:58 | Ancient of War |
| 3:05 | Wisp |
| 3:21 | Moon Well |
| 3:23 | Moon Well |
| 3:32 | Tree of Ages |
| 3:45 | Hunter's Hall |
| 4:16 | Trueshot Aura |
| 4:33 | Archer |
| 4:33 | Archer |
| 4:33 | Archer |
| 4:34 | Archer |
| 4:34 | Archer |
| 4:49 | Moon Well |
| 4:55 | Strength of the Moon |
| 5:15 | Huntress |
| 5:15 | Huntress |
| Select | 43 |
| Right click | 33 |
| Build/train/purchase | 18 |

| Wisp | 9 | 540 | / | 0 |
| Archer | 9 | 1170 | / | 90 |
| total: | 18 | 1710g | / | 90w |
| Altar of Elders | 1 | 180 | / | 50 |
| Moon Well | 4 | 720 | / | 160 |
| Ancient of War | 1 | 150 | / | 60 |
| Tree of Life | 1 | 340 | / | 185 |
| Hunter's Hall | 1 | 210 | / | 100 |
| Tree of Ages | 1 | 320 | / | 180 |
| total: | 8 | 1600g | / | 555w |
| 0:05 | Altar of Elders |
| 0:07 | Moon Well |
| 0:12 | Ancient of War |
| 0:21 | Wisp |
| 0:21 | Wisp |
| 0:46 | Wisp |
| 0:46 | Wisp |
| 1:23 | Wisp |
| 1:23 | Wisp |
| 1:26 | Wisp |
| 1:28 | Archer |
| 1:55 | Moon Well |
| 2:31 | Archer |
| 2:31 | Archer |
| 2:31 | Archer |
| 2:31 | Archer |
| 2:34 | Wisp |
| 2:34 | Wisp |
| 2:39 | Howl of Terror |
| 3:16 | Archer |
| 3:16 | Archer |
| 3:18 | Archer |
| 3:26 | Moon Well |
| 4:21 | Moon Well |
| 4:22 | Tree of Ages |
| 4:26 | Archer |
| 5:24 | Tree of Life |
| 5:32 | Hunter's Hall |
| Right click | 134 |
| Select group | 70 |
| Select | 68 |
| Build/train/purchase | 25 |
| Assign group | 7 |
57 units @ 4.3k
/ 0k
67 buildings @ 6.1k
/ 2.5k

| Boots of Speed | 1 | 250 |
| Staff of Teleportation | 1 | 150 |
| total: | 2 | 400g |
| Peasant | 14 | 1050 | / | 0 |
| total: | 14 | 1050g | / | 0w |
| Scout Tower | 11 | 330 | / | 220 |
| Arcane Tower | 1 | 70 | / | 50 |
| Guard Tower | 4 | 280 | / | 200 |
| Altar of Kings | 1 | 180 | / | 50 |
| Farm | 2 | 160 | / | 40 |
| Lumber Mill | 1 | 120 | / | 0 |
| Town Hall | 1 | 385 | / | 205 |
| Arcane Vault | 1 | 130 | / | 30 |
| Keep | 1 | 320 | / | 210 |
| total: | 17 | 1305g | / | 545w |
| 0:01 | Peasant |
| 0:03 | Altar of Kings |
| 0:07 | Peasant |
| 0:18 | Farm |
| 0:21 | Peasant |
| 0:33 | Lumber Mill |
| 0:35 | Peasant |
| 0:47 | Peasant |
| 0:55 | Farm |
| 1:03 | Peasant |
| 1:17 | Peasant |
| 1:25 | Scout Tower |
| 1:26 | Peasant |
| 1:37 | Peasant |
| 1:41 | Peasant |
| 1:54 | Arcane Tower |
| 1:55 | Scout Tower |
| 1:56 | Scout Tower |
| 1:57 | Scout Tower |
| 2:08 | Blizzard |
| 2:25 | Peasant |
| 2:45 | Peasant |
| 2:46 | Guard Tower |
| 2:47 | Scout Tower |
| 2:47 | Scout Tower |
| 2:48 | Scout Tower |
| 2:50 | Scout Tower |
| 2:50 | Scout Tower |
| 2:51 | Guard Tower |
| 3:04 | Peasant |
| 3:04 | Peasant |
| 3:25 | Brilliance Aura |
| 3:49 | Town Hall |
| 4:02 | Boots of Speed |
| 4:03 | Staff of Teleportation |
| 4:06 | Guard Tower |
| 4:12 | Arcane Vault |
| 4:47 | Keep |
| 5:08 | Guard Tower |
| 5:11 | Scout Tower |
| 5:11 | Scout Tower |
| 5:21 | Blizzard |
| Assign group | 319 |
| Right click | 185 |
| Select group | 104 |
| Select | 64 |
| Build/train/purchase | 35 |
| Use ability | 11 |
| Misc. action | 7 |
| Chat | 5 |
| Item give/drop | 1 |

| Peasant | 16 | 1200 | / | 0 |
| total: | 16 | 1200g | / | 0w |
| Scout Tower | 9 | 270 | / | 180 |
| Guard Tower | 8 | 560 | / | 400 |
| Altar of Kings | 1 | 180 | / | 50 |
| Farm | 5 | 400 | / | 100 |
| Lumber Mill | 1 | 120 | / | 0 |
| Town Hall | 1 | 385 | / | 205 |
| Keep | 1 | 320 | / | 210 |
| total: | 17 | 1355g | / | 535w |
| 0:01 | Peasant |
| 0:06 | Altar of Kings |
| 0:07 | Peasant |
| 0:18 | Farm |
| 0:20 | Peasant |
| 0:34 | Lumber Mill |
| 0:37 | Peasant |
| 0:47 | Farm |
| 0:50 | Peasant |
| 1:03 | Peasant |
| 1:18 | Scout Tower |
| 1:21 | Scout Tower |
| 1:22 | Peasant |
| 1:37 | Scout Tower |
| 1:38 | Peasant |
| 1:44 | Guard Tower |
| 1:50 | Scout Tower |
| 1:53 | Peasant |
| 1:58 | Peasant |
| 2:10 | Guard Tower |
| 2:13 | Scout Tower |
| 2:20 | Summon Water Elemental |
| 2:45 | Peasant |
| 2:46 | Peasant |
| 3:17 | Guard Tower |
| 3:24 | Brilliance Aura |
| 3:27 | Guard Tower |
| 3:29 | Peasant |
| 3:35 | Town Hall |
| 3:41 | Scout Tower |
| 3:42 | Scout Tower |
| 3:42 | Scout Tower |
| 3:44 | Scout Tower |
| 3:55 | Peasant |
| 3:57 | Improved Masonry |
| 4:18 | Guard Tower |
| 4:27 | Farm |
| 4:28 | Farm |
| 4:29 | Farm |
| 4:48 | Guard Tower |
| 5:00 | Keep |
| 5:02 | Peasant |
| 5:02 | Peasant |
| 5:12 | Guard Tower |
| 5:37 | Guard Tower |
| Right click | 245 |
| Select | 154 |
| Build/train/purchase | 41 |
| Select group | 19 |
| Assign group | 17 |
| Use ability | 1 |

| Boots of Speed | 1 | 250 |
| Staff of Teleportation | 1 | 150 |
| Healing Salve | 1 | 100 |
| total: | 3 | 500g |
| Peasant | 14 | 1050 | / | 0 |
| total: | 14 | 1050g | / | 0w |
| Scout Tower | 10 | 300 | / | 200 |
| Arcane Tower | 1 | 70 | / | 50 |
| Guard Tower | 6 | 420 | / | 300 |
| Altar of Kings | 1 | 180 | / | 50 |
| Farm | 4 | 320 | / | 80 |
| Lumber Mill | 1 | 120 | / | 0 |
| Town Hall | 1 | 385 | / | 205 |
| Keep | 1 | 320 | / | 210 |
| total: | 17 | 1305g | / | 535w |
| 0:02 | Peasant |
| 0:02 | Peasant |
| 0:08 | Altar of Kings |
| 0:12 | Peasant |
| 0:22 | Farm |
| 0:27 | Peasant |
| 0:33 | Farm |
| 0:39 | Peasant |
| 0:53 | Peasant |
| 1:04 | Lumber Mill |
| 1:15 | Peasant |
| 1:18 | Peasant |
| 1:24 | Peasant |
| 1:33 | Scout Tower |
| 1:37 | Peasant |
| 1:40 | Peasant |
| 1:49 | Scout Tower |
| 1:51 | Scout Tower |
| 1:52 | Peasant |
| 1:53 | Peasant |
| 2:00 | Arcane Tower |
| 2:08 | Blizzard |
| 2:22 | Guard Tower |
| 2:23 | Scout Tower |
| 2:25 | Guard Tower |
| 2:54 | Brilliance Aura |
| 3:00 | Scout Tower |
| 3:35 | Guard Tower |
| 3:38 | Scout Tower |
| 3:38 | Scout Tower |
| 3:45 | Peasant |
| 3:47 | Healing Salve |
| 4:10 | Keep |
| 4:14 | Guard Tower |
| 4:17 | Scout Tower |
| 4:47 | Town Hall |
| 4:50 | Boots of Speed |
| 4:50 | Staff of Teleportation |
| 5:31 | Farm |
| 5:32 | Farm |
| 5:33 | Improved Masonry |
| 5:34 | Guard Tower |
| 5:36 | Scout Tower |
| 5:36 | Scout Tower |
| Right click | 393 |
| Select | 100 |
| Build/train/purchase | 54 |
| Select group | 19 |
| Assign group | 6 |
| Use ability | 5 |
| Misc. action | 3 |
| Minimap ping | 1 |

| Healing Salve | 1 | 100 |
| total: | 1 | 100g |
| Peon | 13 | 975 | / | 0 |
| total: | 13 | 975g | / | 0w |
| Watch Tower | 8 | 880 | / | 640 |
| Altar of Storms | 1 | 180 | / | 50 |
| Orc Burrow | 2 | 320 | / | 80 |
| War Mill | 1 | 205 | / | 0 |
| Voodoo Lounge | 4 | 520 | / | 120 |
| total: | 16 | 2105g | / | 890w |
| 0:02 | Peon |
| 0:02 | Peon |
| 0:07 | Altar of Storms |
| 0:18 | Orc Burrow |
| 0:29 | Peon |
| 0:44 | Peon |
| 0:48 | War Mill |
| 0:52 | Peon |
| 1:05 | Voodoo Lounge |
| 1:17 | Peon |
| 1:30 | Peon |
| 1:49 | Peon |
| 2:03 | Orc Burrow |
| 2:10 | Shockwave |
| 2:16 | Watch Tower |
| 2:19 | Healing Salve |
| 2:24 | Peon |
| 2:25 | Peon |
| 2:42 | Watch Tower |
| 3:00 | Peon |
| 3:00 | Peon |
| 3:18 | Watch Tower |
| 3:32 | Peon |
| 3:42 | Watch Tower |
| 4:01 | Voodoo Lounge |
| 4:03 | Voodoo Lounge |
| 4:05 | Voodoo Lounge |
| 4:22 | Watch Tower |
| 4:43 | Watch Tower |
| 4:45 | Watch Tower |
| 5:25 | Watch Tower |
| Right click | 318 |
| Select | 87 |
| Build/train/purchase | 30 |
| Misc. action | 13 |
| Use ability | 4 |
| Assign group | 1 |